 Dungeon Crawl Stone Soup version 0.28-a0-95-g65e1ffefe4 (webtiles) character file.

Game seed: 15658215333830439740

82148 Ezendos the Warrior (level 15, -13/126 HPs)
             Began as an Ogre Transmuter on Aug 8, 2021.
             Was a Follower of Uskayaw.
             Killed from afar by a wretched star (24 damage)
             ... with a lance of force
             ... on level 2 of the Abyss.
             The game lasted 01:05:32 (32765 turns).

Ezendos the Warrior (Ogre Transmuter)              Turns: 32765, Time: 01:05:33

Health: -13/126    AC:  4    Str: 15 (16) XL:     15   Next: 72%
Magic:  18/18      EV: 10    Int: 17 (19) God:    Uskayaw [*.....]
Gold:   1088       SH:  5    Dex:  5      Spells: 8/30 levels left

rFire   + . .      SeeInvis .     - Unarmed
rCold   . . .      Faith    .   (no shield)
rNeg    . . .      Spirit   .   P - +1 robe {rF+}
rPois   .          Reflect  +   (helmet restricted)
rElec   .          Harm     .   (no cloak)
rCorr   .          Rampage  .   (gloves unavailable)
Will    ++...                   (boots unavailable)
Stlth   +.........              T - amulet of reflection
HPRegen 0.00/turn               g - ring of willpower
MPRegen 0.16/turn               O - ring of wizardry

@: about to teleport, inhibited regen, hasted, very quick
A: large, unfitting armour, tough skin 1, weak 1, clumsy 1[+1], [deterioration
2], frail 1[+2], low mp 1[+2], [screaming 2], [inhibited regeneration]
a: Renounce Religion, Stomp


You were on level 2 of the Abyss.
You worshipped Uskayaw.
Uskayaw was noncommittal.
You visited 2 branches of the dungeon, and saw 18 of its levels.
You visited the Abyss 1 time.

You collected 1088 gold pieces.

Inventory:

Missiles
 f - 7 throwing nets
Armour
 I - a +0 tower shield
 P - a +1 robe of fire resistance (worn)
Magical Staves
 z - a staff of earth
Jewellery
 c - an amulet of magic regeneration
 d - a ring of resist corrosion
 g - a ring of willpower (left hand)
 h - a ring of willpower
 q - a +6 ring of intelligence
 A - a ring of positive energy
 G - a ring of protection from fire
 O - a ring of wizardry (right hand)
 T - an amulet of reflection (around neck)
 V - a +4 ring of protection
Wands
 k - a wand of mindburst (48)
 m - a wand of flame (62)
 o - a wand of iceblast (18)
 w - a wand of polymorph (28)
 C - a wand of digging (6)
 S - a wand of charming (14)
Scrolls
 a - a scroll of teleportation
 b - 3 scrolls of fog
 i - 7 scrolls of enchant armour
 j - a scroll of fear
 l - 6 scrolls of magic mapping
 p - 3 scrolls of torment
 s - 2 scrolls of vulnerability
 t - 2 scrolls of silence
 u - a scroll of brand weapon
 v - 2 scrolls of immolation
 y - a scroll of acquirement
 B - 3 scrolls of enchant weapon
 F - 2 scrolls of holy word
 K - a scroll of summoning
 L - a scroll of amnesia
 M - a scroll of identify
Potions
 e - 7 potions of curing
 n - 4 potions of brilliance
 r - 3 potions of mutation
 x - 4 potions of attraction
 D - a potion of invisibility
 E - 2 potions of cancellation
 J - 4 potions of lignification
 N - a potion of flight
Miscellaneous
 H - a phial of floods
 U - a phantom mirror


   Skills:
 + Level 19.4 Fighting
 - Level 5.0 Dodging
 - Level 2.0 Stealth
 + Level 9.6 Shields
 - Level 10.0 Unarmed Combat
 - Level 8.0 Spellcasting
 - Level 3.0 Summonings
 - Level 8.0 Transmutations
 - Level 5.0 Ice Magic
 - Level 8.0 Earth Magic
 - Level 6.0 Invocations


You had 8 spell levels left.
You knew the following spells:

 Your Spells              Type           Power      Damage    Failure   Level
a - Statue Form           Tmut/Erth      22%        N/A       24%         6
b - Poisonous Vapours     Pois/Air       12%        N/A       6%          2
c - Spider Form           Tmut/Pois      10%        N/A       2%          3
d - Ice Form              Ice/Tmut       28%        N/A       2%          4
e - Summon Small Mammal   Summ           68%        N/A       1%          1
p - Beastly Appendage     Tmut           68%        N/A       1%          1
A - Passwall              Tmut/Erth      28%        N/A       1%          2
B - Call Canine Familiar  Summ           17%        N/A       3%          3

Your spell library contained the following spells:

 Spells                   Type           Power      Damage    Failure   Level
 Sandblast                Erth           68%        2d15      1%          1
 Wereblood                Tmut           34%        N/A       1%          2
 Frozen Ramparts          Ice            46%        1d6       1%          3
 Stone Arrow              Conj/Erth      40%        3d9       2%          3
 Animate Skeleton         Necr           12%        N/A       4%          1
 Apportation              Tloc           12%        N/A       4%          1
 Corona                   Hex            6%         N/A       4%          1
 Ignite Poison            Fire/Tmut/Pois 15%        N/A       4%          3
 Lee's Rapid Deconstruct  Erth           17%        3d11*     4%          5
 Corpse Rot               Necr/Air       N/A        N/A       6%          2
 Static Discharge         Conj/Air       6%         N/A       6%          2
 Summon Guardian Golem    Hex/Summ       11%        N/A       7%          3
 Leda's Liquefaction      Hex/Erth       10%        N/A       9%          4
 Mephitic Cloud           Conj/Pois/Air  6%         N/A       12%         3
 Alistair's Intoxication  Tmut/Pois      13%        N/A       22%         5
 Bolt of Magma            Conj/Fire/Erth 7%         4d6       36%         5
 Dispel Undead            Necr           6%         3d8       38%         4
 Sticky Flame             Conj/Fire      6%         2d3       38%         4
 Freezing Cloud           Conj/Ice/Air   6%         6-21      50%         5
 Simulacrum               Ice/Necr       7%         N/A       89%         6
 Conjure Ball Lightning   Conj/Air       3%         3x3d6     99%         6
 Invisibility             Hex            3%         N/A       99%         6
 Malign Gateway           Summ/Tloc      5%         N/A       100%        7
 Discord                  Hex            3%         N/A       100%        8
 Disjunction              Tloc           3%         N/A       100%        8
 Summon Horrible Things   Summ           8%         N/A       100%        8
 Polar Vortex             Ice            11%        N/A       100%        9
 Shatter                  Erth           17%        3d16*     100%        9


Dungeon Overview and Level Annotations

Branches:
Dungeon (12/15)            Temple (0/1) D:6            Lair (6/6) D:8
  Swamp (0/4) Lair:4        Snake (0/4) Lair:3        Slime (0/5) Lair:6
    Orc: D:9-12

Altars:
Ashenzari
Kikubaaqudgha
Makhleb
Okawaru
Qazlal
Trog
Uskayaw
Vehumet
Wu Jian
Xom
Yredelemnul
Zin
The Shining One
Jiyva

Annotations:
D:6 2 transporters, MoonlitKnight's ghost, novice MiFi
D:7 exclusion: statue
Lair:3 Gastronok
Lair:5 exclusion: 3 oklob plants


Innate Abilities, Weirdness & Mutations

You are too large for most types of armour.
You have tough skin. (AC +1)
You are weak. (Str -2)
[You are very clumsy. (Dex -4)]
[Your body often deteriorates upon taking damage.]
[You are extremely frail. (-30% HP)]
[Your magical capacity is extremely low. (-30% MP)]
[You frequently scream uncontrollably at your foes.]
[You do not regenerate when monsters are visible.]


Message History

As you read the scroll of teleportation, it crumbles to dust.
You feel strangely unstable.
You feel the power of the Abyss delaying your translocation!
You punch the ufetubus!
You kill the ufetubus!
A ynoxinul comes into view.
Okay, then.
You feel better.
You feel better.
You hit the wretched star but do no damage.
The wretched star is moderately damaged.
The wretched star glows turbulently.
The lance of force hits you!
Your body deteriorates!
You feel dopey.
You are knocked back by the lance of force.
You slam into the stone wall!
* * * LOW HITPOINT WARNING * * *
You hit the wretched star but do no damage.
The wretched star is moderately damaged.
A starcursed mass splits.
You barely miss the wretched star.
The wretched star is moderately damaged.
You hit the wretched star but do no damage.
The wretched star is moderately damaged.
You pummel the wretched star!!
The wretched star is heavily damaged.
You hit the wretched star but do no damage.
The wretched star is heavily damaged.
The wretched star glows turbulently.
The lance of force hits you!!
* * * LOW HITPOINT WARNING * * *
Your body deteriorates!
You feel weakened.
You are knocked back by the lance of force.
You slam into the rock wall!
You closely miss the wretched star.
The wretched star is heavily damaged.
You feel better.
The wretched star glows turbulently.
The lance of force hits you!!
You die...

#. #.. ...#
.##.####..#
# #.X.#.#
.# ##.#.#
.. .#
#XXX..#X# .
. . ... #
#X.# .. #..
##.## ##.#
#X≈≈ .
#.#*#.....
≈ ≈≈
##@...# ≈
.# ≈ ###..#
.. ..#≈ #.
#..# . # ≈≈
. ##.#.#..
. ≈. .##
.## # # #≈
≈#..#> .. #
#≈ . § #.#
.. ## .# .
# ### ## #


You could see a wretched star.

Vanquished Creatures
  A dire elephant (Lair:6)
  Harold (D:9)
  4 catoblepae
  4 boulder beetles
  Erolcha (D:9)
  15 hydras
  An ogre mage (D:11)
  Erica (D:9)
  2 centaur warriors (D:11)
  3 two-headed ogres
  3 death yaks (Lair:6)
  2 thrashing horrors (Abyss:2)
  Urug (D:10)
  A deep elf knight (D:10)
  A skeletal warrior (D:11)
  A lindwurm (Lair:6)
  An orc knight (D:11)
  5 manticores
  A cyclops (D:11)
  A worldbinder (Abyss:2)
  An ugly thing (D:10)
  17 elephants
  6 centaur zombies (D:11)
  5 black mambas
  A guardian serpent (Lair:3)
  Joseph (D:10)
  11 cane toads
  Psyche (D:9)
  3 rime drakes
  21 komodo dragons
  7 trolls
  6 polar bears
  10 blink frogs
  4 hornets
  A slime creature (D:11)
  20 dream sheep
  4 wraiths
  5 basilisks
  6 wyverns
  80 yaks
  2 neqoxecs (Abyss:2)
  A steam dragon (D:8)
  2 vampire mosquitoes (D:12)
  An acid dragon (D:10)
  27 water moccasins
  A large abomination (Abyss:2)
  3 orc warriors
  A hornet zombie (D:7)
  2 ice beasts
  A black bear (Lair:2)
  A necrophage (D:5)
  9 centaurs
  3 ogres (D:5)
  15 wolves
  A phantom (D:4)
  A small abomination (Abyss:2)
  Blork the orc (D:6)
  2 kobold brigands (D:8)
  A scorpion (D:5)
  12 bullfrogs
  A gnoll sergeant (D:10)
  A wyvern zombie (D:5)
  2 water moccasin zombies (D:5)
  A water moccasin skeleton (D:4)
  2 killer bees (D:11)
  6 wights
  An electric eel (Lair:6)
  6 howler monkeys
  A bullfrog zombie (D:5)
  4 jellies
  2 orc priests
  3 bullfrog skeletons
  A hound (D:5)
  5 iguanas
  10 orc wizards
  A hound zombie (D:5)
  2 howler monkey zombies
  5 adders
  8 gnolls
  A white imp (D:5)
  An ufetubus (Abyss:2)
  A worm (D:3)
  3 dart slugs
  15 orcs
  4 ball pythons
  6 endoplasms
  A giant cockroach (D:2)
  7 goblins
  9 hobgoblins
  13 jackals
  A quokka (D:1)
  3 bats
  5 frilled lizards
  17 kobolds
  3 rats
499 creatures vanquished.

Vanquished Creatures (collateral kills)
  A steam dragon (D:8)
  A centaur skeleton (D:6)
2 creatures vanquished.

Vanquished Creatures (others)
  48 fungi
  65 plants
113 creatures vanquished.

Grand Total: 614 creatures vanquished

Notes
Turn   | Place    | Note
-------+----------+-------------------------------------------
     0 | D:1      | Ezendos the Ogre Transmuter began the quest for the Orb.
     0 | D:1      | Reached XP level 1. HP: 19/19 MP: 3/3
   170 | D:1      | Reached skill level 2 in Fighting
   446 | D:1      | Reached XP level 2. HP: 27/29 MP: 3/5
   524 | D:1      | Reached skill level 3 in Fighting
  1405 | D:2      | Found a faded altar of an unknown god.
  1418 | D:2      | Reached XP level 3. HP: 37/39 MP: 6/6
  1424 | D:2      | Became a worshipper of Uskayaw the Reveller
  1424 | D:2      | Reached * piety under Uskayaw
  1475 | D:2      | Reached skill level 4 in Fighting
  1574 | D:2      | Learned a level 1 spell: Summon Small Mammal
  1578 | D:2      | Learned a level 3 spell: Spider Form
  2696 | D:3      | Reached ** piety under Uskayaw
  2697 | D:3      | Reached XP level 4. HP: 43/48 MP: 7/7
  2946 | D:3      | Found a glowing golden altar of the Shining One.
  2968 | D:3      | Reached skill level 1 in Stealth
  3688 | D:4      | Learned a level 2 spell: Passwall
  3822 | D:4      | Reached XP level 5. HP: 25/55 MP: 7/9
  4040 | D:4      | Noticed a phantom
  4195 | D:4      | Reached skill level 1 in Invocations
  4457 | D:5      | Entered Level 5 of the Dungeon
  4472 | D:5      | Noticed an ice beast
  4713 | D:5      | Reached XP level 6. HP: 44/63 MP: 10/10
  5083 | D:5      | Reached *** piety under Uskayaw
  5089 | D:5      | Killed an ice beast
  5090 | D:5      | Reached skill level 5 in Fighting
  5090 | D:5      | Reached skill level 1 in Summonings
  5090 | D:5      | Reached skill level 1 in Earth Magic
  5438 | D:5      | Reached XP level 7. HP: 36/72 MP: 2/12
  5865 | D:5      | Found a basalt altar of Yredelemnul.
  6009 | D:5      | Reached skill level 6 in Fighting
  6171 | D:5      | Reached XP level 8. HP: 78/84 MP: 10/13
  6418 | D:5      | Learned a level 4 spell: Ice Form
  8210 | D:5      | Reached skill level 7 in Fighting
  8720 | D:6      | Found a transporter.
  8722 | D:6      | Noticed a small abomination
  8731 | D:6      | Noticed a green ugly thing
  8733 | D:6      | Noticed a hell hog
  8766 | D:6      | Noticed MoonlitKnight's ghost (novice MiFi)
  9189 | D:6      | Learned a level 3 spell: Call Canine Familiar
  9252 | D:6      | Found a staircase to the Ecumenical Temple.
  9311 | D:6      | Noticed Blork the orc
  9764 | D:6      | Reached skill level 1 in Ice Magic
  9897 | D:6      | Killed Blork the orc
 10004 | D:6      | Found a transporter.
 10046 | D:7      | Found a stormy altar of Qazlal.
 10128 | D:7      | Reached XP level 9. HP: 73/93 MP: 15/15
 10449 | D:7      | Noticed a hornet
 10663 | D:7      | Killed a hornet
 10941 | D:7      | Found a radiant altar of Vehumet.
 11076 | D:7      | Reached skill level 5 in Spellcasting
 11173 | D:7      | Reached skill level 8 in Fighting
 11409 | D:7      | Found a bloodstained altar of Trog.
 11415 | D:7      | Found an ornate altar of the Wu Jian Council.
 11415 | D:7      | Found an iron altar of Okawaru.
 11415 | D:7      | Found a glowing silver altar of Zin.
 11419 | D:7      | Found an ancient bone altar of Kikubaaqudgha.
 11420 | D:7      | Found a shimmering altar of Xom.
 12107 | D:7      | Reached skill level 5 in Unarmed Combat
 12470 | D:8      | Reached skill level 5 in Transmutations
 13307 | D:8      | Noticed a komodo dragon
 13319 | D:8      | Killed a komodo dragon
 13320 | D:8      | Reached skill level 9 in Fighting
 13320 | D:8      | Reached XP level 10. HP: 78/107 MP: 12/19
 13592 | D:8      | Found a staircase to the Lair.
 13602 | D:8      | Reached skill level 10 in Fighting
 13684 | D:8      | Reached **** piety under Uskayaw
 13685 | D:8      | Reached skill level 5 in Ice Magic
 13688 | D:8      | Reached ***** piety under Uskayaw
 13795 | D:8      | Reached skill level 11 in Fighting
 13827 | Lair:1   | Entered Level 1 of the Lair of Beasts
 13881 | Lair:1   | Noticed a six-headed hydra
 13897 | Lair:1   | Killed a six-headed hydra
 14329 | Lair:1   | Noticed a cane toad
 14337 | Lair:1   | Killed a cane toad
 14426 | Lair:1   | Reached XP level 11. HP: 118/123 MP: 14/20
 14431 | Lair:1   | Reached skill level 12 in Fighting
 14770 | Lair:1   | Reached skill level 5 in Dodging
 15197 | Lair:1   | Noticed a seven-headed hydra
 15208 | Lair:1   | Killed a seven-headed hydra
 15705 | Lair:2   | Reached skill level 13 in Fighting
 16252 | Lair:2   | Noticed a catoblepas
 16282 | Lair:2   | Learned a level 6 spell: Statue Form
 16285 | Lair:2   | Learned a level 2 spell: Poisonous Vapours
 16387 | Lair:2   | Killed a catoblepas
 16388 | Lair:2   | Reached skill level 14 in Fighting
 16844 | Lair:2   | Reached XP level 12. HP: 139/139 MP: 19/21
 17711 | Lair:3   | Noticed a catoblepas
 18403 | Lair:3   | Killed a catoblepas
 18482 | Lair:3   | Found a staircase to the Snake Pit.
 18484 | Lair:3   | Noticed Gastronok
 18983 | Lair:3   | Reached skill level 5 in Invocations
 19633 | Lair:3   | Reached XP level 13. HP: 148/148 MP: 24/24
 19876 | Lair:3   | Reached skill level 5 in Earth Magic
 19951 | Lair:4   | Reached skill level 15 in Fighting
 21367 | Lair:4   | Reached skill level 10 in Unarmed Combat
 21404 | Lair:4   | Found a staircase to the Swamp.
 22310 | Lair:4   | Gained mutation: [Your magical capacity is low. (-10% MP)]
                  | [mutagenic glow]
 22331 | Lair:4   | Gained mutation: [You are clumsy. (Dex -2)] [mutagenic
                  | glow]
 23251 | Lair:5   | Reached skill level 1 in Shields
 23893 | Lair:6   | Entered Level 6 of the Lair of Beasts
 24231 | D:9      | Noticed Erica
 24247 | D:9      | Killed Erica
 24248 | D:9      | Reached skill level 16 in Fighting
 24357 | D:9      | Noticed Psyche
 24363 | D:9      | Killed Psyche
 24450 | D:9      | Identified the +4 morningstar "Dragon's Nightmare" {drain,
                  | SInv}
 24770 | D:9      | Found a burning altar of Makhleb.
 24777 | D:9      | Noticed Erolcha
 24787 | D:9      | Killed Erolcha
 24788 | D:9      | Reached XP level 14. HP: 150/162 MP: 2/23
 24930 | D:10     | Entered Level 10 of the Dungeon
 25117 | D:10     | Found a broken altar of Ashenzari.
 25157 | D:10     | Saw a vision of the Swamp and the Snake Pit.
 25635 | D:10     | Noticed Joseph
 25664 | D:10     | Killed Joseph
 25994 | D:10     | Noticed Harold
 26228 | D:10     | Gained mutation: You are weak. (Str -2) [mutagenic glow]
 26237 | D:9      | Killed Harold
 26292 | D:10     | Noticed Urug
 26321 | D:10     | Killed Urug
 27297 | Lair:6   | Found a runed translucent door.
 27297 | Lair:6   | Found a viscous altar of Jiyva.
 27301 | Lair:6   | Found a staircase to the Slime Pits.
 27786 | Lair:6   | Reached skill level 5 in Shields
 27791 | Lair:6   | Reached skill level 17 in Fighting
 28026 | Lair:6   | Reached ****** piety under Uskayaw
 29491 | Lair:6   | Reached skill level 18 in Fighting
 29491 | Lair:6   | Reached XP level 15. HP: 176/176 MP: 24/24
 30618 | D:11     | Identified a scroll of acquirement
 31286 | D:11     | Reached skill level 19 in Fighting
 32027 | D:11     | Got the Grimoire of Poisonous Cold
 32320 | D:12     | Cast into level 2 of the Abyss (a wizard)
 32597 | Abyss:2  | Gained mutation: [You are frail. (-10% HP)] [a neqoxec]
 32649 | Abyss:2  | Found a corrupted altar of Lugonu.
 32714 | Abyss:2  | Noticed a revenant
 32747 | Abyss:2  | HP: 1/126 [starcursed mass/accursed screaming (10)]
 32763 | Abyss:2  | HP: 5/126 [wretched star/lance of force (25)]
 32765 | Abyss:2  | Killed from afar by a wretched star

Illustrated notes

Levels and vault maps discovered:
D:1:      minmay_arrival_wavy_path, layout_loops_ring, st_stairs_2
D:2:      layout_basic, shapermc_ecumenical_altar_venn, serial_bayou_pond_d
D:3:      layout_basic, tso_altar
D:4:      layout_basic, patterned_corridor
D:5:      layout_basic, marbit_many_paths, minmay_fractal_squares_gapless_5
D:6:      layout_cave_pools, minmay_temple_entry_overgrown,
          gammafunk_ghost_abyssal_escape, uniq_blork_the_orc
D:7:      layout_basic, minitemple, nicolae_qazlal_scattered_showers,
          vehumet_statue, grunt_decor_clamped
D:8:      lemuel_ice_spiral_2, layout_rooms, erik_lair_dragon, serial_glass,
          glass_columns_c, glass_columns_b
D:9:      layout_cave_pools, mainiacjoe_overflow_small_starburst,
          statue_in_the_mist_lemuel, nicolae_underground_beach, uniq_psyche,
          uniq_erolcha, uniq_erica
D:10:     layout_small_grid, grunt_ashenzari_visionary
          [grunt_ashenzari_visionary_swamp, grunt_ashenzari_visionary_snake],
          nicolae_two_hexagons, sword_in_stone
D:11:     minmay_the_grid_3x3 [minmay_the_grid_embedded, minmay_the_grid_garden,
          minmay_the_grid_minigrid_large, minmay_the_grid_pillar_ring,
          minmay_the_grid_armoury, minmay_the_grid_tiny_cups,
          minmay_the_grid_doors, minmay_the_grid_minigrid_small,
          minmay_the_grid_prize_four_corners_diamond_a], layout_cave_pools
D:12:     layout_stronghold, erik_orc_1, serial_shops, kennysheep_little_box
Lair:1:   layout_long_grid, cheibrodos_lair_lostbears,
          infiniplex_staircase_pool_2
Lair:2:   layout_cave_pods, lemuel_fruit_tree
Lair:3:   layout_cellular_growth, minmay_snake_entry_spellcaster,
          serial_bayou_shore_b, uniq_gastronok
Lair:4:   cheibrodos_lair_river_kwai, layout_small_grid, swamp_mist,
          serial_bayou_pond_a, beast_lair_carwin_5
Lair:5:   layout_roguey, minmay_lair_oklob_chamber
Lair:6:   hangedman_lair_in_review, layout_regular_city, slime_altar_2,
          infiniplex_staircase_pool
Abyss:2:  base: D:1, small_statue_intersection

Skill      XL: |  1  2  3  4  5  6  7  8  9 10 11 12 13 14 15 |
---------------+----------------------------------------------+-----
Fighting       | 2 3 4 5 6 7 9 11 14 16 18 19 | 19.4
Stealth        | 2 |  2.0
Dodging        | 2 3 4 5 |  5.0
Transmutations | 2 3 5 6 8 |  8.0
Invocations    | 1 2 3 5 6 |  6.0
Unarmed Combat | 3 4 5 6 8 9 10 | 10.0
Spellcasting   | 3 4 6 7 8 |  8.0
Summonings     | 1 2 3 |  3.0
Earth Magic    | 1 2 3 4 7 8 |  8.0
Ice Magic      | 1 4 5 |  5.0
Shields        | 2 7 9 |  9.6

Action                   |  1- 3 |  4- 6 |  7- 9 | 10-12 | 13-15 || total
-------------------------+-------+-------+-------+-------+-------++-------
Melee: Unarmed           |   103 |   154 |   298 |   321 |   752 ||  1628
       Headbutt          |    16 |     8 |     3 |       |       ||    27
       Kick              |    10 |    17 |     8 |       |       ||    35
       Punch             |     1 |       |     2 |       |    20 ||    23
 Cast: Beastly Appendage |    33 |    16 |     6 |       |     3 ||    58
       Spider Form       |       |     5 |    33 |       |       ||    38
       Summon Small Mamm |       |       |     2 |       |       ||     2
       Call Canine Famil |       |       |     3 |    15 |     3 ||    21
       Ice Form          |       |       |     2 |    39 |    13 ||    54
       Poisonous Vapours |       |       |       |     1 |       ||     1
       Statue Form       |       |       |       |       |    64 ||    64
Invok: Stomp             |     3 |     6 |    12 |    10 |    11 ||    42
       Line Pass         |       |     1 |     1 |     2 |     4 ||     8
 Abil: End Transformatio |       |       |     1 |       |       ||     1
Evoke: Wand              |       |       |       |       |     8 ||     8
       Phial of floods   |       |       |       |       |     1 ||     1
  Use: Scroll            |     1 |     2 |     6 |     7 |    13 ||    29
       Potion            |       |       |     4 |     1 |     8 ||    13
 Stab: Paralysed         |       |     1 |     1 |    17 |    44 ||    63
       Petrified         |       |       |       |     1 |    10 ||    11
       Confused          |       |       |       |     1 |       ||     1
       Sleeping          |       |       |       |       |     1 ||     1
Armor: Robe              |    38 |    28 |    15 |     3 |    11 ||    95
       Skin              |       |       |    21 |    96 |   778 ||   895
Dodge: Dodged            |    51 |    77 |   265 |   146 |   524 ||  1063
Block: Tower shield      |       |       |       |       |   109 ||   109
       Other             |       |       |       |       |     7 ||     7
       Reflection        |       |       |       |       |     1 ||     1

Table legend: (Time is in decaauts)
 A = Elapsed time spent in this place.
 B = Non-inter-level travel time spent in this place.
 C = Inter-level travel time spent in this place.
 D = Time resting spent in this place.
 E = Time spent auto-exploring this place.
 F = Levels seen in this place.
 G = Mean time per level.
                   A        B        C        D        E       F      G
               +--------+--------+--------+--------+--------+-----+--------+
         Total |  33859 |  31755 |   2104 |   7342 |  17963 |  19 | 1782.1 |
       Dungeon |  19064 |  17894 |   1170 |   3590 |  10637 |  12 | 1588.7 |
          Lair |  14264 |  13331 |    933 |   3523 |   7254 |   6 | 2377.3 |
         Abyss |    530 |    530 |      0 |    229 |     72 |   1 |  530.0 |
               +--------+--------+--------+--------+--------+-----+--------+

Top non-repeatable levels by time:
  Lair:6: 3309 daAuts
  Lair:4: 3111 daAuts
     D:5: 3008 daAuts
     D:4: 2532 daAuts
  Lair:2: 2369 daAuts
     D:8: 2369 daAuts
  Lair:3: 2299 daAuts
    D:11: 1917 daAuts
  Lair:1: 1806 daAuts
    D:10: 1475 daAuts
     D:1: 1398 daAuts
  Lair:5: 1367 daAuts
     D:6: 1360 daAuts
     D:7: 1347 daAuts
     D:9: 1319 daAuts
